 Dungeon Crawl Stone Soup version 0.29-a0-451-gfbfa42419e (webtiles) character file.

Game seed: 5544017017729023950

46 dabmancer the Caller (level 3, 0/19 HPs)
             Began as a Deep Elf Summoner on May 19, 2022.
             Slain by a quokka (3 damage)
             ... on level 2 of the Dungeon.
             The game lasted 00:15:30 (1619 turns).

dabmancer the Caller (Deep Elf Summoner)            Turns: 1619, Time: 00:15:31

Health: 0/19       AC:  2    Str:  5    XL:     3   Next: 46%
Magic:  4/10       EV: 12    Int: 21    God:
Gold:   56         SH:  0    Dex: 15    Spells: 6/9 levels left

rFire   + . .      SeeInvis .   l - +0 falchion
rCold   x . .      Faith    .   (no shield)
rNeg    . . .      Spirit   .   a - +0 robe
rPois   .          Reflect  .   (no helmet)
rElec   .          Harm     .   f - scarf {+Inv}
rCorr   .          Rampage  .   (no gloves)
Will    .....                   (no boots)
Stlth   ++........              (no amulet)
HPRegen 0.06/turn               m - ring of fire
MPRegen 0.12/turn               (no ring)

@: lethally poisoned (0 -> -4), very slightly contaminated
A: no striking features
a: Evoke Invisibility


You were on level 2 of the Dungeon.
You visited 1 branch of the dungeon, and saw 2 of its levels.

You collected 56 gold pieces.

Inventory:

Hand Weapons
 c - a +0 dagger
 g - a +0 dagger
 i - a +0 hunting sling
 l - a +0 falchion (weapon)
Missiles
 h - 45 stones (quivered)
Armour
 a - a +0 robe (worn)
 f - a scarf of invisibility (worn)
Jewellery
 m - a ring of fire (left hand)
Scrolls
 d - a scroll of magic mapping {unknown}
 e - a scroll of identify {unknown}
 q - 2 scrolls of teleportation {unknown}
Potions
 b - a potion of magic
 j - a potion of lignification {unknown}
 k - a potion of mutation {unknown}
 n - a potion of invisibility {unknown}
 o - a potion of curing {unknown}
 p - a potion of berserk rage {unknown}


   Skills:
 + Level 0.6 Slings
 + Level 2.5 Dodging
 + Level 2.5 Stealth
 + Level 3.6 Spellcasting
 + Level 5.2 Summonings


You had 6 spell levels left.
You knew the following spells:

 Your Spells              Type           Power      Damage    Failure   Level
a - Summon Small Mammal   Summ           100%       N/A       1%          1
b - Call Imp              Summ           25%        N/A       2%          2

Your spell library contained the following spells:

 Spells                   Type           Power      Damage    Failure   Level
 Call Canine Familiar     Summ           25%        N/A       4%          3
 Summon Guardian Golem    Hex/Summ       14%        N/A       13%         3
 Summon Lightning Spire   Summ/Air       14%        N/A       38%         4


Dungeon Overview and Level Annotations

Branches:
Dungeon (2/15)

Altars:


Message History

The adder is heavily wounded.
The quokka barely misses your crimson imp.
Your crimson imp closely misses the adder.
Your quokka bites the adder. x2; The adder bites your quokka.
The adder barely misses your quokka.
The quokka barely misses your crimson imp.
Your crimson imp misses the adder.
Your quokka barely misses the adder.
Your quokka closely misses the adder.
The adder closely misses your quokka.
The adder bites something.
Your quokka barely misses the adder.
The adder closely misses something.
Your quokka barely misses the adder.
The adder completely misses your crimson imp.
Your crimson imp misses the adder.
You closely miss the adder.
The adder is severely wounded.
The adder misses you.
The adder bites your crimson imp but does no damage.
Your quokka closely misses the adder.
Your crimson imp closely misses the adder.
The adder barely misses you. The adder bites your crimson imp.
The quokka closely misses you.
Your quokka bites the adder.
Casting: Summon Small Mammal (safe; 1% risk of failure)
Confirm with . or Enter, or press ? or * to list all spells.
You miscast Summon Small Mammal.
You are very lightly contaminated with residual magic.
Nothing appears to happen.
The adder bites you but does no damage.
Your crimson imp misses the adder.
The adder bites your quokka.
Your quokka is poisoned.
The adder poisons your quokka! The quokka bites you.
* * * LOW HITPOINT WARNING * * *
Your quokka bites the adder.
The adder dies!
Unknown command.
The quokka attacks as you move away! The quokka misses you.
The adder bites you.
* * * LOW HITPOINT WARNING * * *
You are lethally poisoned!
The adder poisons you! The quokka attacks as you move away!
The quokka bites you.
You die...

..<.. #...# #.### # w).
#...####.#.#########
..#.##.##...##..###....#....
............##.#.......#....
.###.#.##.....##.....).#....
#.#.##.##.#......P..#....
#..>)..w.##....P.P.)_..).
#....#r5S#.#...P...P.#...P
.#.###.#r@..##.......#....
... #...#.#.#.......#....
### #####.##.###.P..#....
#.###...######### #.#
.....##..### #)#
#.##.##..... #.#
#.#......### #.# #.#..##.##
#.# #.......#


You could see a worm, an adder (ally target), a quokka, a friendly crimson imp
(summoned) and a friendly quokka (summoned, very poisoned).

Vanquished Creatures
  An adder (D:2)
  A quokka (D:2)
  A ball python (D:1)
  A frilled lizard (D:1)
  5 kobolds
  2 rats (D:2)
11 creatures vanquished.

Vanquished Creatures (collateral kills)
  An adder (D:2)
  A bat (D:1)
  4 endoplasms
  2 goblins (D:1)
  A hobgoblin (D:2)
  2 kobolds
  3 quokkas (D:1)
  A frilled lizard (D:2)
  A rat (D:1)
16 creatures vanquished.

Vanquished Creatures (others)
  3 demonic plants (D:2)
  3 fungi (D:2)
  6 plants (D:2)
  6 withered plants (D:2)
18 creatures vanquished.

Grand Total: 45 creatures vanquished

Notes
Turn   | Place    | Note
-------+----------+-------------------------------------------
     0 | D:1      | dabmancer the Deep Elf Summoner began the quest for the
                  | Orb.
     0 | D:1      | Reached XP level 1. HP: 10/10 MP: 6/6
   260 | D:1      | Reached XP level 2. HP: 13/15 MP: 4/8
   264 | D:1      | Learned a level 2 spell: Call Imp
   785 | D:1      | Reached skill level 5 in Summonings
   916 | D:2      | Reached XP level 3. HP: 9/19 MP: 1/9
  1189 | D:2      | Found a faded altar of an unknown god.
  1619 | D:2      | Slain by a quokka

Illustrated notes

Levels and vault maps discovered:
D:1:      wander_arrival_peaceful_grave, layout_loops_ring
D:2:      layout_loops_ring, shapermc_ecumenical_altar_gd, basic_altar

Skill      XL: |  1  2 |
---------------+-------+-----
Summonings     | 5 |  5.2
Slings         | |  0.6
Dodging        | |  2.5
Stealth        | |  2.5
Spellcasting   | |  3.6

Action                   || total
-------------------------++-------
Melee: Dagger            ||     9
       Falchion          ||     5
       Hunting sling     ||     4
       Punch             ||     1
 Fire: Hunting sling     ||    24
 Cast: Summon Small Mamm ||    27
       Call Imp          ||     8
Armor: Robe              ||     8
Dodge: Dodged            ||    46

Table legend: (Time is in decaauts)
 A = Elapsed time spent in this place.
 B = Non-inter-level travel time spent in this place.
 C = Inter-level travel time spent in this place.
 D = Time resting spent in this place.
 E = Time spent auto-exploring this place.
 F = Levels seen in this place.
 G = Mean time per level.
                   A        B        C        D        E       F      G
               +--------+--------+--------+--------+--------+-----+--------+
         Total |   1632 |   1607 |     25 |    566 |    512 |   2 |  816.0 |
       Dungeon |   1632 |   1607 |     25 |    566 |    512 |   2 |  816.0 |
               +--------+--------+--------+--------+--------+-----+--------+

Top non-repeatable levels by time:
     D:1: 849 daAuts
     D:2: 783 daAuts
